 Dungeon Crawl Stone Soup version 0.30-a0-715-gdb4ae3ece1 (webtiles) character file.

Game seed: 9364272114286626286

33 ASSMAN the Trooper (level 3, -2/29 HPs)
             Began as a Demonspawn Wanderer on Jan 25, 2023.
             Slain by a gnoll
             ... wielding a +0 flail
              (5 damage)
             ... on level 1 of the Dungeon.
             The game lasted 00:01:03 (690 turns).

ASSMAN the Trooper (Demonspawn Wanderer)             Turns: 690, Time: 00:01:04

Health: -2/29      AC:  8    Str: 15    XL:     3   Next: 12%
Magic:  3/3        EV:  9    Int: 11    God:
Gold:   117        SH:  0    Dex: 13    Spells: 2/2 levels left

rFire   . . .      SeeInvis .    d - +0 dagger
rCold   . . .      Faith    .    (no shield)
rNeg    . . .      Spirit   .    b - +2 scale mail
rPois   +          Reflect  .    (helmet restricted)
rElec   .          Harm     .    (no cloak)
rCorr   .          Rampage  .    (no gloves)
Will    .....                    (no boots) Stlth
                                 (no amulet)
HPRegen 0.24/turn                g - ring of poison resistance
MPRegen 0.08/turn                (no ring)

@: no status effects
A: antennae 1, powered by pain 1
a: no special abilities


You were on level 1 of the Dungeon.
You visited 1 branch of the dungeon, and saw 2 of its levels.

You collected 117 gold pieces.

Inventory:

Hand Weapons
 a - a +0 sling
 d - a +0 dagger (weapon)
Missiles
 c - 10 poisoned darts (quivered)
Armour
 b - a +2 scale mail (worn)
Jewellery
 g - a ring of poison resistance (left hand)
Scrolls
 e - a scroll of blinking
 i - a scroll of magic mapping {unknown}
Potions
 f - a potion of might {unknown}
 h - a potion of attraction {unknown}


   Skills:
 - Level 3.0 Fighting
 + Level 2.9 Ranged Weapons
 - Level 2.6 Throwing
 - Level 1.7 Armour
 - Level 1.0 Evocations


You had 2 spell levels left.
You didn't know any spells.
Your spell library contained the following spells:

 Spells                   Type           Power      Damage    Failure   Level
 Freeze                   Ice            0%         1d3       80%         1
 Frozen Ramparts          Ice            0%         1d1       99%         3
 Hailstorm                Conj/Ice       0%         3d3       99%         3


Dungeon Overview and Level Annotations

Branches:
Dungeon (2/15)

Altars:


Innate Abilities, Weirdness & Mutations

You have a pair of small antennae on your head.
You sometimes gain a little power by taking damage.


Message History

You have reached level 3!
Your experience leads to an increase in your attributes!
Increase (S)trength, (I)ntelligence, or (D)exterity?
You feel agile. x2; Your demonic ancestry asserts itself...
You feel energised by your suffering.
You shoot a sling bullet. The sling bullet hits the gnoll.
The gnoll is lightly wounded.
The gnoll hits you with a +0 flail.
You shoot a sling bullet.
The sling bullet hits the gnoll but does no damage.
The gnoll is lightly wounded.
The gnoll hits you but does no damage. The gnoll hits you with a +0 flail!
The gnoll attacks as you move away! The gnoll hits you but does no damage.
There is a stone staircase leading up here.
The gnoll hits you with a +0 flail.
* * * LOW HITPOINT WARNING * * *
You climb upwards.
There is a stone staircase leading down here.
d - a +0 dagger (weapon)
You are too injured to fight recklessly!
You are too injured to fight recklessly!
You are too injured to fight recklessly!
You barely miss the gnoll.
The gnoll is lightly wounded.
The gnoll hits you with a +0 flail.
* * * LOW HITPOINT WARNING * * *
You barely miss the gnoll.
The gnoll is lightly wounded.
The gnoll barely misses you.
You hit the gnoll.
The gnoll is lightly wounded.
The gnoll hits you with a +0 flail.
* * * LOW HITPOINT WARNING * * *
You hit the gnoll but do no damage.
The gnoll is lightly wounded.
The gnoll closely misses you.
You barely miss the gnoll.
The gnoll is lightly wounded.
The gnoll hits you with a +0 flail.
You die...

.# #######.####### .#
#.............# .#
#.#.###..####.# .# ##.#.# #..#
#.# .# ####....# #..# #.# .#
#.......# #..# #.# .#
#.##...####..####.###### ##
#.##[..................#####
######.##..#####@.####.###.......
.......##..##..g..####.###..#####
#########...................#####
...........~~~....^...~~~~......#
....##...~~~~~~.....~~~≈~~~~~~~..
.......~~~~≈~~~....~~~≈≈≈≈~~~~≈~~
......~~~~#####....~~≈≈≈≈≈~≈≈≈≈~~
##...~~≈≈##...##....~~≈≈≈≈≈≈≈≈≈≈≈
....~≈≈≈≈#.....#....~~≈≈≈≈≈≈≈≈≈≈≈


You could see a gnoll.

Vanquished Creatures
  2 gnolls (D:2)
  A ball python (D:1)
  2 endoplasms
  3 hobgoblins (D:1)
  A kobold (D:1)
  2 quokkas (D:1)
  A frilled lizard (D:1)
  A rat (D:1)
13 creatures vanquished.

Notes
Turn   | Place    | Note
-------+----------+-------------------------------------------
     0 | D:1      | ASSMAN the Demonspawn Wanderer began the quest for the Orb.
     0 | D:1      | ASSMAN set off with the following items: a +0 sling, a +2
                  | scale mail, 10 poisoned darts, a +0 dagger, a scroll of
                  | blinking.
     0 | D:1      | Reached XP level 1. HP: 18/18 MP: 1/1
   157 | D:1      | Gained mutation: You have a pair of small antennae on your
                  | head. [demonic ancestry]
   157 | D:1      | Reached XP level 2. HP: 20/24 MP: 2/2
   670 | D:2      | Gained mutation: You sometimes gain a little power by
                  | taking damage. [demonic ancestry]
   670 | D:2      | Reached XP level 3. HP: 22/29 MP: 3/3
   690 | D:1      | Slain by a gnoll

Illustrated notes

Levels and vault maps discovered:
D:1:      minmay_arrival_shoal_huts, layout_loops_ring, minmay_unequal
D:2:      layout_basic, minmay_tetromino_o4, uniq_natasha,
          uniq_crazy_yiuf_cottage

Skill      XL: |  1  2 |
---------------+-------+-----
Ranged Weapons | 2 |  2.9
Fighting       | |  3.0
Throwing       | |  2.6
Armour         | |  1.7
Evocations     | |  1.0

Action                     || total
---------------------------++-------
  Melee: Dagger            ||     5
   Fire: Sling             ||    77
 Armour: Scale mail        ||    31
  Dodge: Dodged            ||    25

Table legend: (Time is in decaauts)
 A = Elapsed time spent in this place.
 B = Non-inter-level travel time spent in this place.
 C = Inter-level travel time spent in this place.
 D = Time resting spent in this place.
 E = Time spent auto-exploring this place.
 F = Levels seen in this place.
 G = Mean time per level.
                   A        B        C        D        E       F      G
               +--------+--------+--------+--------+--------+-----+--------+
         Total |    730 |    687 |     43 |      0 |    514 |   2 |  365.0 |
       Dungeon |    730 |    687 |     43 |      0 |    514 |   2 |  365.0 |
               +--------+--------+--------+--------+--------+-----+--------+

Top non-repeatable levels by time:
     D:1: 682 daAuts
     D:2: 47 daAuts
